 Dungeon Crawl Stone Soup version 0.31-a0-219-g8d62b2e7bb (webtiles) character file.

Game seed: 18189661060072314188

1564 Hubris850 the Ducker (level 8, -4/58 HPs)
             Began as a Merfolk Gladiator on July 3, 2023.
             Was a Priest of Elyvilon.
             Slain by a wight
             ... wielding a +1 dagger of venom
              (5 damage)
             ... on level 6 of the Dungeon.
             The game lasted 00:17:12 (6347 turns).

Hubris850 the Ducker (Merfolk Gladiator)            Turns: 6347, Time: 00:17:13

Health: -4/58      AC:  5    Str: 14    XL:     8   Next: 89%
Magic:  10/12      EV: 15    Int:  9    God:    Elyvilon [***...]
Gold:   446        SH:  0    Dex: 16    Spells: 5/12 levels left

rFire   . . .        a - +0 long sword
rCold   . . .        (no shield)
rNeg    . . .        b - +0 leather armour
rPois   .            c - +0 helmet
rElec   .            j - +0 cloak
rCorr   .            (no gloves)
SInv    .            (no boots)
Will    .....        (no amulet)
Stlth   +            (no ring)
HPRegen 0.29/turn    (no ring)
MPRegen 0.13/turn

%: no passive effects
@: no status effects
A: (nimble swimmer 2), mertail
a: Renounce Religion, Purification, Heal Other, Heal Self


You were on level 6 of the Dungeon.
You worshipped Elyvilon.
Elyvilon was most pleased with you.
You visited 1 branch of the dungeon, and saw 6 of its levels.
You also visited: Ossuary.

You collected 446 gold pieces.

Inventory:

Hand Weapons
 a - a +0 long sword (weapon)
 f - a +0 hand axe of freezing
 g - a +0 dagger of venom
Missiles
 d - a throwing net
 e - 10 javelins
 r - 7 poisoned darts (quivered)
 N - 6 curare-tipped darts
Armour
 b - a +0 leather armour (worn)
 c - a +0 helmet (worn)
 j - a +0 cloak (worn)
 y - an orb of guile
 E - a +0 tower shield
Magical Staves
 K - a staff of poison
Jewellery
 L - a ring of ice
Wands
 s - a wand of iceblast (11)
 z - a wand of flame (26)
 H - a wand of acid (5)
Scrolls
 h - a scroll of torment
 p - a scroll of immolation
 v - 6 scrolls of fear {unknown}
 x - 2 scrolls of fog {unknown}
 C - a scroll of amnesia {unknown}
 D - a scroll of blinking {unknown}
 F - 3 scrolls of teleportation {unknown}
 J - 5 scrolls of poison {unknown}
Potions
 i - 2 potions of haste
 k - a potion of invisibility
 l - 2 potions of heal wounds
 m - 2 potions of lignification
 o - 7 potions of curing
 q - a potion of enlightenment
 u - 3 potions of mutation
 w - a potion of magic
 A - a potion of attraction {unknown}
 B - 2 potions of brilliance {unknown}
 G - a potion of might {unknown}
 I - a potion of resistance {unknown}
 M - a potion of ambrosia {unknown}


   Skills:
 - Level 3.0 Fighting
 - Level 4.2 Long Blades
 - Level 6.0 Throwing
 - Level 7.9 Dodging
 + Level 2.8 Spellcasting
 + Level 4.2 Transmutations
 + Level 3.4 Poison Magic
 - Level 4.0 Invocations


You had 5 spell levels left.
You knew the following spells:

 Your Spells              Type           Power      Damage    Failure   Level
a - Passwall              Tmut/Erth      4%         N/A       24%         2
b - Sting                 Tmut/Pois      32%        1d4       9%          1
c - Olgreb's Toxic Radia  Pois           7%         N/A       67%         4

Your spell library contained the following spells:

 Spells                   Type           Power      Damage    Failure   Level
 Wereblood                Tmut           8%         N/A       11%         2
 Poisonous Vapours        Pois/Air       8%         N/A       28%         2
 Cigotuvi's Dreadful Rot  Necr/Pois/Air  6%         N/A       36%         2
 Ignite Poison            Fire/Tmut/Pois 5%         N/A       38%         3
 Ensorcelled Hibernation  Hex/Ice        2%         N/A       52%         2
 Sublimation of Blood     Necr           1%         N/A       52%         2
 Swiftness                Air            1%         N/A       75%         3
 Dispel Undead            Necr           1%         3d6       98%         4
 Freezing Cloud           Conj/Ice/Air   0%         6-21      100%        5
 Summon Forest            Summ/Tloc      0%         N/A       100%        5
 Death Channel            Necr           0%         N/A       100%        6
 Eringya's Noxious Bog    Tmut/Pois      4%         N/A       100%        6
 Summon Hydra             Summ           0%         N/A       100%        7


Dungeon Overview and Level Annotations

Branches:
Dungeon (6/15)             Temple (0/1) D:6         Ossuary (visited)

Altars:
Elyvilon
Gozag
Hepliaklqana
Nemelex Xobeh
Vehumet
The Shining One


Innate Abilities, Weirdness & Mutations

((You are very nimble when in or above water. (Stealth+, EV+, Speed+++)))
Your lower body shifts to a powerful aquatic tail in water.


Message History

You are more poisoned.
You hit the wight but do no damage.
The wight is moderately damaged.
You feel very sick. The wight misses you.
You closely miss the wight.
The wight is moderately damaged.
You feel very sick. The wight misses you.
You barely miss the wight.
The wight is moderately damaged.
You feel very sick.
The wight hits you with a +1 dagger of venom.
You hit the wight but do no damage.
The wight is moderately damaged.
You feel very sick. The wight hits you but does no damage.
You are lethally poisoned!
You hit the wight.
The wight is heavily damaged.
* * * LOW HITPOINT WARNING * * *
You feel very sick. The wight barely misses you.
The wight hits you with a +1 dagger of venom.
* * * LOW HITPOINT WARNING * * *
You feel drained.
* * * LOW HITPOINT WARNING * * *
You are more poisoned.
Unknown command.
You closely miss the wight.
The wight is heavily damaged.
* * * LOW HITPOINT WARNING * * *
You feel extremely sick.
The wight hits you with a +1 dagger of venom!
Elyvilon protects you from harm!
You feel drained. Elyvilon protects you from harm!
You feel purified!
The wight hits you with a +1 dagger of venom.
You die...

*,*** #.z.,,,,,* #.# *,*
#..#****,* #.# *,*
*######..#####.#######.#####
*,*
*........##...........#.....
*,*
*,*****#.##.##.#######.#####
*,* *,* #>##.##.# #.# *,*
*,* #.......# #.#### ,,* *,*
####z#### #....# *** *,* #@#
####.# *,* #######.# #.# *,*
#.......# #.#
***###.###.####### #.#
,,,..........# #.#
***#########.# #.# #.# #.#
#.####******#### #.#
#.##.<,,,,,,,..# #.#


You could see a wight.

Vanquished Creatures
  A hornet (D:6)
  Menkaure (D:5)
  An orc warrior (D:6)
  An ice beast (D:6)
  An ogre (D:4)
  A phantom (D:4)
  Blork the orc (D:4)
  A scorpion (D:5)
  A water moccasin zombie (Ossuary)
  Crazy Yiuf (D:6)
  A gnoll bouda (D:5)
  5 hounds
  2 sleepcaps
  2 iguanas
  2 mummies (Ossuary)
  6 gnolls
  8 adders
  2 shadow imps
  3 ufetubi
  7 adder zombies (Ossuary)
  A dart slug (D:1)
  A worm (D:3)
  15 orcs
  4 ball pythons
  9 endoplasms
  5 giant cockroaches
  5 goblins
  5 hobgoblins
  2 jackals (D:5)
  11 kobolds
  2 quokkas
  5 bats
  2 frilled lizards
  4 gnoll zombies (Ossuary)
  5 hobgoblin zombies (Ossuary)
  5 kobold zombies (Ossuary)
  An orc zombie (Ossuary)
  4 rats
134 creatures vanquished.

Vanquished Creatures (others)
  An orc (D:4)
1 creature vanquished.

Grand Total: 135 creatures vanquished

Notes
Turn   | Place    | Note
-------+----------+-------------------------------------------
     0 | D:1      | Hubris850 the Merfolk Gladiator began the quest for the
                  | Orb.
     0 | D:1      | Reached XP level 1. HP: 16/16 MP: 1/1
   218 | D:1      | Reached XP level 2. HP: 23/23 MP: 2/2
   616 | D:1      | Reached XP level 3. HP: 12/28 MP: 3/3
  1240 | D:2      | Found a faded altar of an unknown god.
  1259 | D:2      | Prayed at the altar of an unknown god.
  1259 | D:2      | Became a worshipper of Elyvilon the Healer
  1259 | D:2      | Reached * piety under Elyvilon
  1396 | D:2      | Reached XP level 4. HP: 35/35 MP: 4/4
  1860 | D:2      | Reached skill level 1 in Invocations
  2177 | D:3      | Reached ** piety under Elyvilon
  2205 | D:3      | Reached skill level 5 in Dodging
  2422 | D:3      | Reached XP level 5. HP: 37/41 MP: 6/6
  2476 | D:3      | Found a radiant altar of Vehumet.
  2570 | D:3      | Found an opulent altar of Gozag.
  2571 | D:3      | Found a hazy altar of Hepliaklqana.
  2843 | D:4      | Noticed a phantom
  2853 | D:4      | Found a sand-covered staircase.
  2866 | D:4      | Killed a phantom
  2974 | Ossuary  | Entered an ossuary
  3060 | Ossuary  | Reached XP level 6. HP: 44/47 MP: 7/7
  3168 | Ossuary  | Reached skill level 6 in Dodging
  3319 | D:4      | Noticed Blork the orc
  3346 | D:4      | Killed Blork the orc
  3581 | D:4      | Found a sparkling altar of Nemelex Xobeh.
  3778 | D:4      | Found a glowing golden altar of the Shining One.
  3857 | D:4      | Reached XP level 7. HP: 52/52 MP: 9/9
  4074 | D:5      | Entered Level 5 of the Dungeon
  4096 | D:5      | HP: 1/52 [sleepcap (3)]
  4388 | D:5      | Noticed Menkaure
  4444 | D:5      | Killed Menkaure
  4445 | D:5      | Reached skill level 5 in Throwing
  4445 | D:5      | Reached skill level 7 in Dodging
  4632 | D:5      | Reached *** piety under Elyvilon
  4891 | D:5      | Reached XP level 8. HP: 54/58 MP: 11/11
  5149 | D:5      | Learned a level 2 spell: Passwall
  5252 | D:6      | Reached skill level 1 in Transmutations
  5253 | D:6      | Reached skill level 1 in Poison Magic
  5291 | D:6      | Reached skill level 1 in Spellcasting
  5816 | D:6      | Noticed a hornet
  5821 | D:6      | Paralysed by a hornet for 3 turns
  5825 | D:6      | Killed a hornet
  6002 | D:6      | Identified a scroll of acquirement
  6002 | D:6      | Acquired a Young Poisoner's Handbook
  6006 | D:6      | Learned a level 1 spell: Sting
  6011 | D:6      | Learned a level 4 spell: Olgreb's Toxic Radiance
  6088 | D:6      | Found a runed translucent door.
  6089 | D:6      | Noticed Crazy Yiuf
  6103 | D:6      | Killed Crazy Yiuf
  6346 | D:6      | HP: 1/57 [poisoned by a wight]
  6346 | D:6      | Elyvilon protects you from harm!
  6346 | D:6      | Elyvilon protects you from harm!
  6347 | D:6      | Slain by a wight

Illustrated notes

Levels and vault maps discovered:
D:1:      evilmike_arrival_rings, layout_loops_ring
D:2:      layout_loops_corners, ebering_ecumenical_altar_webs,
          minmay_joined_circles
D:3:      layout_rooms, vehumet_altar_wand_db, mainiacjoe_overflow_divided_tiny
D:4:      layout_rooms, mainiacjoe_overflow_catwalk, nemelex_dance_club_becter,
          enter_ossuary_1, uniq_blork_the_orc
D:5:      layout_basic, kennysheep_generic_room_10, uniq_menkaure
D:6:      layout_loops_ring, minmay_temple_entry_fiery, uniq_crazy_yiuf_cottage

Skill      XL: |  1  2  3  4  5  6  7  8 |
---------------+-------------------------+-----
Long Blades    | 4 |  4.2
Fighting       | 3 |  3.0
Invocations    | 1 2 3 4 |  4.0
Dodging        | 5 6 7 |  7.9
Throwing       | 3 4 5 6 |  6.0
Transmutations | 4 |  4.2
Poison Magic   | 3 |  3.4
Spellcasting   | 2 |  2.8

Action                     |  1- 3 |  4- 6 |  7- 9 || total
---------------------------+-------+-------+-------++-------
  Melee: Long sword        |     7 |   174 |    14 ||   195
         Dagger            |   106 |   125 |   189 ||   420
         Hand axe          |     3 |       |       ||     3
         Punch             |       |     2 |     4 ||     6
  Throw: Dart              |       |     5 |    12 ||    17
         Throwing net      |       |     3 |       ||     3
         Javelin           |       |       |     4 ||     4
 Invoke: Heal Other        |       |     1 |     1 ||     2
         Purification      |       |       |     2 ||     2
  Evoke: Wand              |       |     4 |     5 ||     9
    Use: Scroll            |       |       |    12 ||    12
   Stab: Sleeping          |     2 |     1 |     1 ||     4
         Held in net/web   |       |     1 |       ||     1
 Armour: Leather armour    |    26 |    55 |    32 ||   113
  Dodge: Dodged            |    62 |   190 |   144 ||   396

Table legend: (Time is in decaauts)
 A = Elapsed time spent in this place.
 B = Non-inter-level travel time spent in this place.
 C = Inter-level travel time spent in this place.
 D = Time resting spent in this place.
 E = Time spent auto-exploring this place.
 F = Levels seen in this place.
 G = Mean time per level.
                   A        B        C        D        E       F      G
               +--------+--------+--------+--------+--------+-----+--------+
         Total |   6328 |   6190 |    138 |   1136 |   3658 |   7 |  904.0 |
       Dungeon |   5997 |   5859 |    138 |   1063 |   3658 |   6 |  999.5 |
       Ossuary |    331 |    331 |      0 |     73 |      0 |   1 |  331.0 |
               +--------+--------+--------+--------+--------+-----+--------+

Top non-repeatable levels by time:
     D:5: 1133 daAuts
     D:6: 1116 daAuts
     D:2: 1065 daAuts
     D:1: 1036 daAuts
     D:4: 911 daAuts
     D:3: 734 daAuts
 Ossuary: 331 daAuts
